 Dungeon Crawl Stone Soup version 0.26-a0-259-g1effd001a9 (webtiles) character file.

Game seed: 14881404479906149587

2172 night the Frost Mage (level 9, -7/57 HPs)
             Began as a Demonspawn Ice Elementalist on July 25, 2020.
             Was a Priest of Cheibriados.
             Mangled by a rust devil (12 damage)
             ... on level 7 of the Dungeon on July 26, 2020.
             The game lasted 00:21:21 (7980 turns).

night the Frost Mage (Demonspawn Ice Elementalist)  Turns: 7980, Time: 00:21:22

Health: -7/57      AC: -23   Str: 16    XL:     9   Next: 11%
Magic:  16/18      EV: 13    Int: 29    God:    Cheibriados [***...]
Gold:   372        SH:  0    Dex: 21    Spells: 6/21 levels left

rFire    . . .     SeeInvis .   C - +2 dagger (elec)
rCold    + . .     Faith    .   (no shield)
rNeg     . . .     Spirit   .   d - +0 robe
rPois    .         Reflect  .   e - +2 helmet
rElec    .         Harm     .   (no cloak)
rCorr    .         Clarity  +   (no gloves)
MR       .....                  (boots unavailable)
Stlth    ++........             (no amulet)
HPRegen  0.19/turn              j - ring of flight
MPRegen  0.16/turn              s - ring of protection from cold

@: mighty, corroded, very slow
A: talons 3, blurry vision 1, clarity, powered by death 1, powered by pain 2
a: Bend Time, Temporal Distortion, Renounce Religion, Evoke Flight


You were on level 7 of the Dungeon.
You worshipped Cheibriados.
Cheibriados was most pleased with you.
You were not hungry.

You visited 1 branch of the dungeon, and saw 7 of its levels.

You collected 372 gold pieces.

Inventory:

Hand Weapons
 a - a +0 dagger
 b - a +0 hunting sling
 x - the +9 hand axe "Wonouvex" {antimagic, Str+3 Dex+2}
   (You found it on level 5 of the Dungeon)

   It reduces the magical energy of the wielder, and disrupts the spells and
   magical abilities of those hit.
   Natural abilities and divine invocations are not affected.
   It affects your strength (+3).
   It affects your dexterity (+2).
 y - a +2 whip of venom
 B - a +3 shortbow
 C - a +2 dagger of electrocution (weapon)
Missiles
 h - 48 poisoned darts
 i - 247 stones (quivered)
 k - 8 javelins
 l - 73 sling bullets
 n - 4 boomerangs
 q - 71 bolts
 w - 101 arrows
Armour
 d - a +0 robe (worn)
 e - a +2 helmet (worn)
 g - a cursed +0 buckler
Jewellery
 j - a ring of flight (left hand)
 s - a ring of protection from cold (right hand)
Wands
 p - a wand of disintegration (16)
 D - a wand of polymorph (11)
 E - a wand of paralysis (6)
Scrolls
 m - a scroll of fear
 o - 4 scrolls of remove curse
 r - 3 scrolls of torment
 u - a scroll of amnesia
 F - 2 scrolls of identify
Potions
 f - a potion of stabbing
 t - a potion of might
 z - a potion of haste
Comestibles
 c - 28 rations


   Skills:
 - Level 1.7 Dodging
 - Level 1.7 Stealth
 + Level 6.6 Spellcasting
 * Level 9.8 Ice Magic


You had 6 spell levels left.
You knew the following spells:

 Your Spells              Type           Power        Failure   Level
a - Freeze                Ice            ####         1%          1
b - Frozen Ramparts       Ice            ######       1%          3
c - Ozocubu's Armour      Chrm/Ice       #####...     2%          3
d - Hailstorm             Conj/Ice       #####...     7%          4
e - Summon Ice Beast      Ice/Summ       #####...     7%          4

Your spell library contained the following spells:

 Spells                   Type           Power        Failure   Level
 Magic Dart               Conj           #...         5%          1
 Searing Ray              Conj           #.....       9%          2
 Dazzling Flash           Conj/Hex       #.....       16%         3
 Fulminant Prism          Conj/Hex       #.........   47%         4
 Iskenderun's Mystic Bla  Conj/Tloc      #.......     47%         4


Dungeon Overview and Level Annotations

Branches:
Dungeon (7/15)             Temple (0/1) D:5

Altars:
Cheibriados
Kikubaaqudgha
Trog
Xom

Annotations:
D:5 2 transporters, Glokmah's ghost, novice DsWz


Innate Abilities, Weirdness & Mutations

You have claws for feet.
You regenerate a little health from kills.
You sometimes gain power by taking damage.
Scrolls take you a little longer to read.
You possess an exceptional clarity of mind.


Message History

The rust devil corrodes you! The rust devil hits you!
* * * LOW HITPOINT WARNING * * *
The rust devil corrodes you! The rust devil hits you!
* * * LOW HITPOINT WARNING * * *
The rust devil corrodes you! The rust devil closely misses you.
There is a stone staircase leading down here.
The rust devil barely misses you.
You climb downwards.
A jelly and an orc come into view.
The jelly quivers.
Found an escape hatch in the floor.
There is a stone staircase leading up here.
Really read with blurry vision while enemies are nearby?
You begin reading the scroll.
You continue reading the scroll.
The orc shouts!
The rust devil hits you!
You die...

## #.. #...
#...>
#.....###
....J.4@#
#.......o.#
#...#.....#
#.. ###...#
# #####


You could see a rust devil, a jelly and an orc.

Vanquished Creatures
  2 steam dragons (D:6)
  2 ice beasts
  A necrophage (D:6)
  An orc warrior (D:6)
  4 ogres (D:5)
  3 centaurs
  2 bullfrogs (D:6)
  2 scorpions (D:6)
  A water moccasin skeleton (D:4)
  2 vampire bats (D:3)
  A howler monkey (D:6)
  A bullfrog zombie (D:6)
  2 hounds (D:6)
  An orc wizard (D:6)
  2 orc priests
  2 hound zombies (D:5)
  A worker ant zombie (D:6)
  3 gnolls (D:5)
  8 adders
  An ufetubus (D:5)
  4 oozes
  An adder skeleton (D:6)
  4 dart slugs
  4 leopard geckos
  16 orcs
  A ball python (D:2)
  3 bat skeletons (D:3)
  A bat zombie (D:3)
  6 giant cockroaches
  20 goblins
  8 hobgoblins
  11 kobolds
  4 bats
  6 frilled lizards
  9 rats
140 creatures vanquished.

Vanquished Creatures (collateral kills)
  An orc warrior (D:5)
  A phantom (D:6)
2 creatures vanquished.

Grand Total: 142 creatures vanquished

Notes
Turn   | Place    | Note
-------+----------+-------------------------------------------
     0 | D:1      | night the Demonspawn Ice Elementalist began the quest for
                  | the Orb.
     0 | D:1      | Reached XP level 1. HP: 13/13 MP: 3/3
   285 | D:1      | Reached skill level 4 in Ice Magic
   285 | D:1      | Gained mutation: You regenerate a little health from kills.
                  | [demonic ancestry]
   285 | D:1      | Reached XP level 2. HP: 19/19 MP: 1/5
   562 | D:1      | Reached XP level 3. HP: 22/24 MP: 3/6
   901 | D:1      | Learned a level 3 spell: Frozen Ramparts
  1338 | D:2      | Found a snail-covered altar of Cheibriados.
  1389 | D:2      | Became a worshipper of Cheibriados the Contemplative
  1607 | D:2      | Found a shimmering altar of Xom.
  1624 | D:2      | Gained mutation: You have sharp toenails. [demonic
                  | ancestry]
  1624 | D:2      | Reached XP level 4. HP: 30/30 MP: 2/8
  2108 | D:3      | Reached skill level 5 in Ice Magic
  2628 | D:3      | Reached * piety under Cheibriados
  2766 | D:3      | Reached XP level 5. HP: 33/35 MP: 6/9
  2771 | D:3      | Learned a level 3 spell: Ozocubu's Armour
  2806 | D:3      | Found an ancient bone altar of Kikubaaqudgha.
  3114 | D:3      | You fall into a shaft and drop 3 floors!
  3115 | D:6      | Noticed a necrophage
  3145 | D:6      | Killed a necrophage
  3145 | D:6      | Reached skill level 6 in Ice Magic
  3145 | D:6      | Gained mutation: You sometimes gain a little power by
                  | taking damage. [demonic ancestry]
  3145 | D:6      | Reached XP level 6. HP: 18/38 MP: 4/11
  3211 | D:6      | Reached ** piety under Cheibriados
  3508 | D:5      | Entered Level 5 of the Dungeon
  3509 | D:5      | Noticed an ice beast
  3525 | D:5      | Killed an ice beast
  3525 | D:5      | Gained mutation: You have razor-sharp toenails. [demonic
                  | ancestry]
  3525 | D:5      | Reached XP level 7. HP: 21/43 MP: 4/13
  3667 | D:5      | Found a staircase to the Ecumenical Temple.
  3767 | D:5      | Reached skill level 7 in Ice Magic
  4158 | D:5      | Found a transporter.
  4159 | D:5      | Found a transporter.
  4159 | D:5      | Noticed Glokmah's ghost (novice DsWz)
  4265 | D:5      | Reached skill level 5 in Spellcasting
  4273 | D:5      | Got a blackened hand axe
  4273 | D:5      | Identified the +9 hand axe "Wonouvex" {antimagic, Str+3
                  | Dex+2} (You found it on level 5 of the Dungeon)
  4876 | D:4      | Reached skill level 8 in Ice Magic
  4876 | D:4      | Gained mutation: You sometimes gain power by taking damage.
                  | [demonic ancestry]
  4876 | D:4      | Reached XP level 8. HP: 32/49 MP: 15/15
  5048 | D:4      | Reached *** piety under Cheibriados
  5163 | D:4      | Found a bloodstained altar of Trog.
  6284 | D:5      | Learned a level 4 spell: Hailstorm
  6289 | D:5      | Learned a level 4 spell: Summon Ice Beast
  6929 | D:6      | Reached skill level 9 in Ice Magic
  7006 | D:6      | HP: 6/49 [steam dragon (7)]
  7011 | D:6      | Gained mutation: You have claws for feet. [potion of
                  | mutation]
  7011 | D:6      | Gained mutation: Scrolls take you a little longer to read.
                  | [potion of mutation]
  7011 | D:6      | Gained mutation: You possess an exceptional clarity of
                  | mind. [potion of mutation]
  7173 | D:6      | HP: 4/52 [steam dragon] (5)]
  7726 | D:6      | Reached XP level 9. HP: 41/57 MP: 14/18
  7955 | D:5      | Noticed a rust devil
  7955 | D:5      | Noticed a rust devil
  7975 | D:6      | HP: 4/57 [rust devil (11)]
  7980 | D:7      | Mangled by a rust devil

Illustrated notes

Levels and vault maps discovered:
D:1:      dpeg_arrival_concentric_ovals, layout_basic, st_stairs_11,
          nrook_uturn, minmay_pentomino_r4
D:2:      layout_rooms, kennysheep_slug_shrine, tgw_xom
D:3:      layout_basic, kennysheep_vampire_church, saegor_snake_ambush
D:4:      layout_basic, serial_glass, glass_columns_b, glass_columns_a,
          columned_hall_lemuel, trog_butcher_becter
D:5:      cheibrodos_iron_armory, layout_basic, minmay_temple_entry_mist,
          first_ration, nicolae_ossuary_entry_ruins, gammafunk_ghost_smash,
          minmay_ogre_servants
D:6:      cheibrodos_steamvent, layout_basic
D:7:      cheibrodos_wizards_tower, layout_basic,
          gammafunk_temple_overflow_elements, nicolae_island_escapes,
          uniq_maggie

Skill      XL: |  1  2  3  4  5  6  7  8 |
---------------+-------------------------+-----
Ice Magic      | 4 5 6 8 9 |  9.8
Spellcasting   | 3 4 5 6 |  6.6
Dodging        | |  1.7
Stealth        | |  1.7

Action                   |  1- 3 |  4- 6 |  7- 9 || total
-------------------------+-------+-------+-------++-------
Melee: Unarmed           |     5 |       |       ||     5
       Dagger            |    42 |    64 |    30 ||   136
       Kick              |       |    22 |    26 ||    48
       Whip              |       |    10 |    52 ||    62
       Hand axe          |       |       |     5 ||     5
 Fire: Hunting sling     |     2 |       |       ||     2
Throw: Dart              |       |     1 |       ||     1
 Cast: Freeze            |    35 |     4 |       ||    39
       Frozen Ramparts   |     5 |    19 |    27 ||    51
       Ozocubu's Armour  |       |     2 |     3 ||     5
       Summon Ice Beast  |       |       |     5 ||     5
Evoke: Wand              |       |       |     4 ||     4
  Use: Scroll            |       |     7 |     5 ||    12
       Potion            |       |       |     5 ||     5
 Stab: Sleeping          |     3 |       |     4 ||     7
       Paralysed         |       |       |     3 ||     3
  Eat: Ration            |     1 |     1 |     2 ||     4
Armor: Robe              |    18 |    42 |    24 ||    84
Dodge: Dodged            |    37 |    86 |    58 ||   181

Table legend:
 A = Non-vault XP
 B = Vault XP
 C = Vault XP percentage of total XP
 D = Non-vault monster count
 E = Vault monster count
 F = Vault count percentage of total count
                 A         B        C        D         E       F
            +---------+---------+-------+---------+---------+-------
      Total |    2367 |     736 |  23.7 |     107 |      35 |  24.6
            +---------+---------+-------+---------+---------+-------
        D:1 |      53 |       9 |  14.5 |      24 |       6 |  20.0
        D:2 |       9 |      29 |  76.3 |       7 |       7 |  50.0
        D:3 |     115 |     117 |  50.4 |      25 |       6 |  19.4
        D:4 |      72 |       8 |  10.0 |       3 |       4 |  57.1
        D:5 |     777 |     207 |  21.0 |      20 |      10 |  33.3
        D:6 |    1341 |     366 |  21.4 |      28 |       2 |   6.7
            +---------+---------+-------+---------+---------+-------
